cohdb
Replays
Latest Replays
All Replays
Popular Replays
Top Player Replays
Match Explorer
How It Works
Community
CoH3 Stats
Reddit
Sign in to upload your games and track your stats! →
Sign in with Steam
Match 45758951
Unlisted
Match 45758951
Overview
Messages
Build Orders
End
Panzergrenadier Squad
Selects Italian Infantry
Selects Italian Infantry
Selects Italian Infantry
Selects Italian Infantry
Kradschützen Motorcycle Team
Construct Light Support Kompanie
Assault Grenadier Squad
Panzerjäger Squad
Fire Support Elements
2.5-tonne Medical Truck
Veteran Squad Leaders
Selects Guastatori Squad
Guastatori Squad
Selects Registered Artillery
Selects Sound the Alarm
Pak 38 Anti-tank Gun Team
Sound the Alarm
Flakvierling Half-track
MG34 Team
2.5-tonne Medical Truck
Selects Territory Booby Traps
Sound the Alarm
Flakvierling Half-track
Construct Panzerarmee Kommand
Sound the Alarm
Armored Reserves
Selects Obice 305mm Barrage
Panzer IV Assault Group
Sound the Alarm
~SOK-BarbaPeñaloza
...
STALKER4732
kit.ohume
0
0
Comments
sign in to comment!
No comments posted yet!